 Dungeon Crawl Stone Soup version 0.31-a0-844-gdc52ec4e09 (webtiles) character file.

Game seed: 8694964981640178060

49 CrazyBamboolord the Grave Robber (level 3, -2/17 HPs)
             Began as a Vine Stalker Necromancer on Sept 30, 2023.
             Hit by a goblin thrown by Robin (3 damage)
             ... on level 2 of the Dungeon.
             The game lasted 00:02:41 (1468 turns).

CrazyBamboolord the Grave Robber (VSNe)             Turns: 1468, Time: 00:02:42

Health: -2/17      AC:  2    Str: 10    XL:     3   Next: 77%
Magic:  0/8        EV: 12    Int: 17    God:
Gold:   70         SH:  0    Dex: 14    Spells: 7/8 levels left

rFire   . . .        (no weapon)
rCold   . . .        (no shield)
rNeg    . . .        a - +0 robe
rPois   .            (no helmet)
rElec   .            (no cloak)
rCorr   .            (no gloves)
SInv    .            (no boots)
Will    .....        c - amulet of regeneration
Stlth   ++           (no ring)
HPRegen 1.82/turn    (no ring)
MPRegen 0.11/turn

%: guardian spirit
@: lethally poisoned (-2 -> -4)
A: fangs 2, regeneration 1, magic shield, antimagic bite, no potion heal 2
a: no special abilities


You were on level 2 of the Dungeon.
You visited 1 branch of the dungeon, and saw 2 of its levels.

You collected 70 gold pieces.

Inventory:

Armour
 a - a +0 robe (worn)
Jewellery
 c - an amulet of regeneration (around neck)
Scrolls
 d - a scroll of vulnerability {unknown}
 f - 2 scrolls of identify {unknown}
 g - a scroll of enchant armour {unknown}
 h - 2 scrolls of noise {unknown}
Potions
 b - a potion of magic
 e - a potion of brilliance {unknown}


   Skills:
 + Level 0.6 Fighting
 + Level 1.8 Dodging
 * Level 3.1 Stealth
 * Level 3.0 Spellcasting
 * Level 4.3 Necromancy


You had 7 spell levels left.
You knew the following spells:

 Your Spells              Type           Power      Damage    Failure   Level
a - Necrotise             Necr           68%        1d7       3%          1

Your spell library contained the following spells:

 Spells                   Type           Power      Damage    Failure   Level
 Sublimation of Blood     Necr           17%        N/A       4%          2
 Vampiric Draining        Necr           17%        2d7       9%          3
 Wereblood                Tmut           2%         N/A       26%         2
 Animate Dead             Necr           17%        N/A       30%         4
 Agony                    Necr           17%        N/A       63%         5
 Summon Hydra             Summ           1%         N/A       100%        7


Dungeon Overview and Level Annotations

Branches:
Dungeon (2/15)

Altars:

Annotations:
D:2 Robin


Innate Abilities, Weirdness & Mutations

You have extremely sharp teeth.
Your natural rate of healing is unusually fast.
When hurt, damage is shared between your health and your magic reserves.
Your bite disrupts and absorbs the magic of your enemies.
Potions cannot restore your health.


Message History

Your hobgoblin skeleton hits the goblin.
Unknown command.
You hit the goblin.
You kill the goblin!
Robin throws the goblin at you! Something hits your hobgoblin skeleton.
The goblin closely misses you.
Unknown command.
You hit the goblin but do no damage.
Robin hits your hobgoblin skeleton with a +0 dagger.
Your hobgoblin skeleton is destroyed!
Something hits your hobgoblin skeleton. The goblin hits you with a +0 club.
Unknown command.
You hit the goblin.
The goblin is moderately wounded.
Robin barely misses your hobgoblin skeleton.
Your hobgoblin skeleton closely misses Robin.
Something hits your hobgoblin skeleton.
Your hobgoblin skeleton is destroyed!
The goblin hits you with a +0 club.
Aiming: Necrotise (safe; 3% risk of failure)
Press: ? - help, Q - select action Shift-Dir - straight line, f - goblin
Aim: a goblin, wielding a +0 club (moderately wounded, strong, chance to affect: 87%)
The goblin writhes in agony.
The goblin hits you with a +0 dagger. The goblin hits you with a +0 club.
Aiming: Necrotise (safe; 3% risk of failure)
Press: ? - help, Q - select action Shift-Dir - straight line, f/p - goblin
Aim: a goblin, wielding a +0 club (severely wounded, strong, chance to affect: 87%)
The goblin writhes in agony.
You kill the goblin!
The dead are walking!
Robin throws the goblin at you!
The goblin hits you with a +1 dagger of venom!
* * * LOW HITPOINT WARNING * * *
You are lethally poisoned!
The goblin closely misses you.
Unknown command.
* * * LOW HITPOINT WARNING * * *
You feel very sick. Robin throws the goblin at you!
You die...
Robin calls out, "Let's celebrate!
Time for a feast!"

##### . ##.g)#
...$##.g#g######
......gg)g@g...#
.#.#.[?##)####.# #+#
#.#)##Z.# #..
.%#..##.## #.. # #.J
#..# #.# #.#. #.##
#.# #.#. #.# #.#
#### ##.#
##<#########..######


You could see Robin, a hobgoblin (strong), 5 goblins and a friendly goblin
skeleton.

Vanquished Creatures
  A dart slug (D:1)
  4 ball pythons
  3 endoplasms
  2 giant cockroaches
  8 goblins
  3 hobgoblins
  2 jackals (D:1)
  4 quokkas
  3 bats (D:1)
  4 frilled lizards (D:1)
  A kobold (D:1)
  A rat (D:1)
36 creatures vanquished.

Vanquished Creatures (collateral kills)
  An endoplasm (D:1)
  A goblin (D:2)
  A hobgoblin (D:2)
  A quokka (D:1)
4 creatures vanquished.

Grand Total: 40 creatures vanquished

Notes
Turn   | Place    | Note
-------+----------+-------------------------------------------
     0 | D:1      | CrazyBamboolord the Vine Stalker Necromancer began the
                  | quest for the Orb.
     0 | D:1      | Reached XP level 1. HP: 9/9 MP: 4/4
   181 | D:1      | Reached XP level 2. HP: 13/13 MP: 1/6
   504 | D:1      | Found a faded altar of an unknown god.
   946 | D:1      | Reached XP level 3. HP: 17/17 MP: 1/8
  1449 | D:2      | Noticed Robin
  1468 | D:2      | Hit by a goblin thrown by Robin

Illustrated notes

Levels and vault maps discovered:
D:1:      zelgadis_glass_arrival_small, layout_loops_cross,
          shapermc_ecumenical_altar_venn, minivault_26
D:2:      layout_basic, minmay_misc_feat_alley, minmay_tiny_reverse_x,
          uniq_robin

Skill      XL: |  1  2  3 |
---------------+----------+-----
Stealth        | 3 |  3.1
Spellcasting   | 3 |  3.0
Fighting       | |  0.6
Dodging        | |  1.8
Necromancy     | |  4.3

Action                     || total
---------------------------++-------
  Melee: Unarmed           ||    16
         Bite              ||     2
   Cast: Necrotise         ||    73
 Armour: Robe              ||    26
  Dodge: Dodged            ||    33

Table legend: (Time is in decaauts)
 A = Elapsed time spent in this place.
 B = Non-inter-level travel time spent in this place.
 C = Inter-level travel time spent in this place.
 D = Time resting spent in this place.
 E = Time spent auto-exploring this place.
 F = Levels seen in this place.
 G = Mean time per level.
                   A        B        C        D        E       F      G
               +--------+--------+--------+--------+--------+-----+--------+
         Total |   1467 |   1398 |     69 |      0 |   1218 |   2 |  733.5 |
       Dungeon |   1467 |   1398 |     69 |      0 |   1218 |   2 |  733.5 |
               +--------+--------+--------+--------+--------+-----+--------+

Top non-repeatable levels by time:
     D:1: 1347 daAuts
     D:2: 120 daAuts
